 Dungeon Crawl Stone Soup version 0.28.0-1-gb440e238dd (webtiles) character file.

Game seed: 16590390880051562518

23 pkoi the Skirmisher (level 2, -1/27 HPs)
             Began as a Draconian Monk on Feb 22, 2022.
             Slain by a gnoll (10 damage)
             ... on level 1 of the Dungeon.
             The game lasted 00:01:03 (927 turns).

pkoi the Skirmisher (Draconian Monk)                 Turns: 927, Time: 00:01:03

Health: -1/27      AC:  4    Str: 13    XL:     2   Next: 72%
Magic:  2/2        EV: 12    Int: 10    God:
Gold:   16         SH:  0    Dex: 13    Spells: 1/1 levels left

rFire   . . .      SeeInvis .     - Unarmed
rCold   . . .      Faith    .   (no shield)
rNeg    . . .      Spirit   .   (armour unavailable)
rPois   .          Reflect  .   (helmet restricted)
rElec   .          Harm     .   (no cloak)
rCorr   .          Rampage  .   (no gloves)
Will    .....                   (no boots)
Stlth   ++........              (no amulet)
HPRegen 0.09/turn               (no ring)
MPRegen 0.08/turn               (no ring)

@: no status effects
A: AC +4, unfitting armour, cold-blooded
a: no special abilities


You were on level 1 of the Dungeon.
You visited 1 branch of the dungeon, and saw 1 of its levels.

You collected 16 gold pieces.

Inventory:

Scrolls
 a - 3 scrolls of identify {unknown}
 b - a scroll of magic mapping {unknown}
Potions
 d - a potion of ambrosia {unknown}
 e - a potion of invisibility {unknown}


   Skills:
 + Level 3.6 Fighting
 - Level 3.0 Dodging
 - Level 2.0 Stealth
 + Level 3.3 Unarmed Combat


You had one spell level left.
You didn't know any spells.
Your spell library was empty.

Dungeon Overview and Level Annotations

Branches:
Dungeon (1/15)

Altars:

Shops:
D:1 [


Innate Abilities, Weirdness & Mutations

Your plain brown scales are hard. (AC +4)
You cannot fit into any form of body armour.
You are cold-blooded and may be slowed by cold attacks.


Message History

You are too injured to fight recklessly!
You are too injured to fight recklessly!
You are too injured to fight recklessly!
You are too injured to fight recklessly!
You are too injured to fight recklessly!
You hit the gnoll but do no damage.
The gnoll is moderately wounded.
You closely miss the gnoll.
You tail-slap the gnoll, but do no damage.
The gnoll is moderately wounded.
The gnoll hits you with a +0 flail!
* * * LOW HITPOINT WARNING * * *
You hit the gnoll.
The gnoll is heavily wounded.
The gnoll barely misses you.
You closely miss the gnoll.
The gnoll is heavily wounded.
The gnoll closely misses you.
Throw: 2 darts (poison)
Press: ? - help, Q - select action Shift-Dir - straight line, f - gnoll
Aim: a gnoll, wielding a +0 flail (heavily wounded, 61% to hit)
You throw a poisoned dart. The poisoned dart hits the gnoll.
The gnoll is heavily wounded.
The gnoll hits you with a +0 flail.
* * * LOW HITPOINT WARNING * * *
Throw: dart (poison)
Press: ? - help, Q - select action Shift-Dir - straight line, f/p - gnoll
Aim: a gnoll, wielding a +0 flail (heavily wounded, 61% to hit)
You throw a poisoned dart.
The poisoned dart closely misses the gnoll.
The gnoll closely misses you.
Found Ucirucka's Antique Armour Emporium.
You see here a poisoned dart.
You see here a poisoned dart.
You hit the gnoll.
The gnoll is heavily wounded.
You hit the gnoll but do no damage.
The gnoll is heavily wounded.
The gnoll hits you with a +0 flail!
You die...

.....##............# ####....####
###..............#.###..........#
#...#.###.####.#.##.#.........#
###...#.# #.# #.....##.........#
#.......# #.# #....#####....####
#.#.#.#####.####...## ##.......
#.#...............#.# ##[......#
#.#.#.##.........###.###.#.).###.
#.#.#.##^###.###@# #.#......# #.
.........# #.# #g# #...###.###.
#...#.######.###.# ##..#∩+....#
##..#............# ####.#####.##
#..########.###.# #.......##.##
#..# #.# #.# #.########.## ##..#
#.###(####.# #... ....#
#..........# ##.. ##..#
####≈.#..### #.#


You could see a gnoll.

Vanquished Creatures
  A gnoll (D:1)
  A giant cockroach (D:1)
  A goblin (D:1)
  2 hobgoblins (D:1)
  2 jackals (D:1)
  A quokka (D:1)
  A bat (D:1)
  2 kobolds (D:1)
  A rat (D:1)
12 creatures vanquished.

Notes
Turn   | Place    | Note
-------+----------+-------------------------------------------
     0 | D:1      | pkoi the Draconian Monk began the quest for the Orb.
     0 | D:1      | Reached XP level 1. HP: 19/19 MP: 1/1
    88 | D:1      | Found a faded altar of an unknown god.
   326 | D:1      | Reached XP level 2. HP: 23/26 MP: 2/2
   907 | D:1      | Found Ucirucka's Antique Armour Emporium.
   927 | D:1      | Slain by a gnoll

Illustrated notes

Levels and vault maps discovered:
D:1:      kennysheep_arrival_seaside, layout_loops_ring, serial_shops,
          nicolae_shop_window_shopping, basic_ecumenical_altar, serial_glass,
          glass_columns_a, glass_columns_a, chequers_serial_rivers_micro_e

Skill      XL: |  1  2 |
---------------+-------+-----
Stealth        | 2 |  2.0
Dodging        | 3 |  3.0
Fighting       | |  3.6
Unarmed Combat | |  3.3

Action                   || total
-------------------------++-------
Melee: Unarmed           ||    57
       Tailslap          ||     7
       Punch             ||     4
Throw: Dart              ||     2
 Stab: Sleeping          ||     3
Armor: Skin              ||    11
Dodge: Dodged            ||    36
